[Event "Titled Tuesday Blitz March 08 Early 2022"]
[White "Brodowski, Piotr"]
[Black "Dilmukhametov, Artur"]
[WhiteFideId "1124480"]
[BlackFideId "24179922"]
[WhiteElo "2422"]
[BlackElo "2237"]
[Result "1-0"]
[Round "01"]
[TimeControl "180+1"]
[Date "2022.03.09"]
[WhiteClock "0:01:48"]
[BlackClock "0:00:13"]

1. e4 e6 2. d4 d5 3. Nd2 c5 4. exd5 exd5 5. Ngf3 Nf6 6. Be2 Nc6 7. O-O cxd4 8. Nb3 Be7 9. Nfxd4 O-O 10. c3 Nxd4 11. Nxd4 Bc5 12. Bf3 Be6 13. Bg5 Qd7 14. Bxf6 gxf6 15. Qd3 Bxd4 16. Qxd4 Kg7 17. Rad1 Rad8 18. Qh4 Qe7 19. Rd4 Bf5 20. Bxd5 Rd6 21. Qg3+ Kh8 22. Qf4 Rg8 23. Qxf5 Qe5 24. Qxe5 fxe5 25. Rdd1 Rg7 26. Bf3 Rdg6 27. Rd8+ Rg8 28. Rxg8+ Rxg8 29. Rd1 b6 30. g3 f5 31. Rd7 e4 32. Bd1 a5 33. Bb3 Rb8 34. Be6 b5 35. Bxf5 Rb6 36. Bxe4 b4 37. cxb4 axb4 38. Rxh7+ Kg8 39. Rb7 Rxb7 40. Bxb7 Kf7 41. a3 Ke6 42. axb4 Kd6 43. Be4 Kc7 44. f3 Kb6 45. h4 Kb5 46. h5 Kxb4 47. h6 Kc5 48. h7 Kd6 49. h8=Q Ke7 50. Qe5+ Kd7 51. Bf5+ Kd8 52. Qd6+ Ke8 53. Bg6# 1-0


[Site "https://www.chess.com"]

[Event "Titled Tuesday Blitz March 08 Early 2022"]
[White "Brunner, Nicolas"]
[Black "Makarian, Rudik"]
[WhiteFideId "620246"]
[BlackFideId "44105681"]
[WhiteElo "2372"]
[BlackElo "2388"]
[Result "0-1"]
[Round "01"]
[TimeControl "180+1"]
[Date "2022.03.09"]
[WhiteClock "0:00:07"]
[BlackClock "0:00:13"]

1. d4 g6 2. e4 Bg7 3. Nc3 d6 4. f4 a6 5. Nf3 Bg4 6. Be3 Nd7 7. h3 Bxf3 8. Qxf3 e6 9. O-O-O Ne7 10. g4 b5 11. Kb1 b4 12. Ne2 d5 13. e5 h5 14. Rg1 a5 15. Ng3 h4 16. Nh1 a4 17. Nf2 b3 18. cxb3 axb3 19. a3 c5 20. dxc5 Qa5 21. Nd3 Nc6 22. Qf2 Qa4 23. Bg2 Na5 24. f5 Nc4 25. Bd4 Nb8 26. Rgf1 Rf8 27. Nf4 Nc6 28. Nxd5 exd5 29. Bxd5 O-O-O 30. Bc3 Rxd5 31. Rxd5 Nxa3+ 32. bxa3 Qe4+ 33. Kb2 Qxd5 34. f6 Bh6 35. Qxh4 Bd2 36. Qg3 Rd8 37. h4 Qc4 38. h5 Qxf1 0-1


[Site "https://www.chess.com"]

[Event "Titled Tuesday Blitz March 08 Early 2022"]
[White "Bryakin, Mikhail"]
[Black "Daianu, Cristian-Clement"]
[WhiteFideId "4165314"]
[BlackFideId "1208926"]
[WhiteElo "2417"]
[BlackElo "2159"]
[Result "1-0"]
[Round "01"]
[TimeControl "180+1"]
[Date "2022.03.09"]
[WhiteClock "0:00:58"]
[BlackClock "0:00:35"]

1. e4 c5 2. c3 d5 3. exd5 Nf6 4. d4 cxd4 5. Qxd4 Qxd5 6. Qxd5 Nxd5 7. Nf3 Nc6 8. Be2 g6 9. Nbd2 Bg7 10. Nb3 O-O 11. h4 b6 12. h5 Bb7 13. h6 Bf6 14. Bg5 Rfd8 15. Bxf6 Nxf6 16. Rh4 Rd7 17. Rd1 Rad8 18. Rxd7 Rxd7 19. g3 Nh5 20. Nfd4 Nxd4 21. Rxd4 Rxd4 22. Nxd4 Nf6 23. Nb5 a6 24. Nc7 b5 25. a4 bxa4 26. Bxa6 Bc6 27. Be2 Kf8 28. Kd2 e5 29. Na6 Ke7 30. Nb4 Bd7 31. c4 Kd6 32. Nd3 Ng8 33. Kc3 e4 34. Nf4 Nxh6 35. Kb4 Nf5 36. c5+ Kc7 37. Nd5+ Kd8 38. Bb5 Be6 39. Nc3 e3 40. fxe3 Nxg3 41. Bxa4 h5 42. Bc6 h4 43. Nd1 h3 44. Nf2 h2 45. Ka5 Kc7 46. Bg2 Bd7 47. b4 Bc6 48. Bxc6 Kxc6 49. Ka6 h1=Q 50. Nxh1 Nxh1 51. b5+ Kc7 52. Ka7 1-0


[Site "https://www.chess.com"]

[Event "Titled Tuesday Blitz March 08 Early 2022"]
[White "Budrewicz, Krzysztof"]
[Black "Roebers, Jan"]
[WhiteFideId "1127950"]
[BlackFideId "1007815"]
[WhiteElo "2248"]
[BlackElo "2120"]
[Result "1-0"]
[Round "01"]
[TimeControl "180+1"]
[Date "2022.03.09"]
[WhiteClock "0:01:00"]
[BlackClock "0:00:01"]

1. d4 Nf6 2. c4 g6 3. Nc3 Bg7 4. e4 d6 5. g3 O-O 6. Bg2 e5 7. d5 a5 8. Nge2 Na6 9. O-O Nc5 10. h3 Nh5 11. g4 Nf6 12. Ng3 Bd7 13. Be3 b6 14. b3 Ne8 15. Qd2 f5 16. exf5 gxf5 17. gxf5 Bxf5 18. Nxf5 Rxf5 19. Ne4 Nf6 20. Ng3 Rf4 21. Bxf4 exf4 22. Qxf4 Nd3 23. Qf5 Ne5 24. Rae1 Qd7 25. Qxd7 Nexd7 26. f4 a4 27. b4 a3 28. Nf5 Bf8 29. Bf3 Ra4 30. Rb1 b5 31. cxb5 Nb6 32. Rfd1 Ra8 33. Rbc1 Ra4 34. Rd4 Na8 35. Kf2 Nd7 36. Rc6 Ndb6 37. Bd1 Ra7 38. Bb3 Kf7 39. Re4 Kf6 40. Nd4 Rb7 41. Re6+ Kf7 42. Kf3 Rb8 43. Nf5 Nd7 44. Nd4 Nf6 45. Re1 Bg7 46. Rec1 1-0


[Site "https://www.chess.com"]

[Event "Titled Tuesday Blitz March 08 Early 2022"]
[White "Carre, Sylvain"]
[Black "Aradhya, Garg"]
[WhiteFideId "642118"]
[BlackFideId "25006746"]
[WhiteElo "2105"]
[BlackElo "2169"]
[Result "0-1"]
[Round "01"]
[TimeControl "180+1"]
[Date "2022.03.09"]
[WhiteClock "0:00:03"]
[BlackClock "0:00:12"]

1. d4 d5 2. Bf4 Nf6 3. e3 c5 4. c3 Qb6 5. Qb3 c4 6. Qxb6 axb6 7. a3 Nc6 8. Nd2 Bf5 9. Ngf3 h6 10. h3 e6 11. Be2 Be7 12. O-O b5 13. Ne5 Nd7 14. Nxd7 Kxd7 15. Bf3 Bd6 16. Bxd6 Kxd6 17. e4 Bg6 18. exd5 exd5 19. Rfe1 Rhe8 20. Nf1 Ne7 21. Re5 f6 22. Ree1 Nf5 23. g4 Nh4 24. Bh1 Be4 25. Nd2 f5 26. f3 Bd3 27. Kf2 f4 28. Bg2 Re3 29. Nf1 Bxf1 30. Rxf1 Rae8 31. Kg1 Re2 32. Rf2 g5 33. Raf1 R2e3 34. Rd1 Kc6 35. Kf1 Kb6 36. Rb1 Ka5 37. Rd1 Ka4 38. Kg1 Kb3 39. Rdd2 Rd3 40. Rxd3 cxd3 41. Bf1 Re1 42. Kh2 d2 43. Rxd2 Rxf1 44. Re2 Rxf3 45. Re6 Rf2+ 46. Kg1 Rxb2 47. Rxh6 Nf3+ 48. Kf1 Kxc3 49. h4 gxh4 50. Rh5 Kxd4 51. g5 Ne5 52. Rxh4 Ke3 53. Rh3+ f3 54. g6 Rb1# 0-1


[Site "https://www.chess.com"]

[Event "Titled Tuesday Blitz March 08 Early 2022"]
[White "Caruana, Fabiano"]
[Black "Plotnikov, Pavel"]
[WhiteFideId "2020009"]
[BlackFideId "4170342"]
[WhiteElo "2744"]
[BlackElo "2298"]
[Result "1-0"]
[Round "01"]
[TimeControl "180+1"]
[Date "2022.03.08"]
[WhiteClock "0:01:14"]
[BlackClock "0:00:26"]

1. c4 e6 2. Nf3 d5 3. g3 Nf6 4. Bg2 Be7 5. O-O O-O 6. d4 c6 7. Qc2 Nbd7 8. Rd1 b6 9. Nc3 Bb7 10. Bf4 Rc8 11. a4 a5 12. e4 dxe4 13. Nxe4 Nxe4 14. Qxe4 Nf6 15. Qe2 b5 16. c5 b4 17. Ne5 Nd5 18. Bd2 Qe8 19. Qg4 Kh8 20. Nc4 Ra8 21. Re1 Qd8 22. Rad1 Ba6 23. Ne5 Qc7 24. Bxd5 cxd5 25. Bf4 Qc8 26. Qh5 Kg8 27. b3 Ra7 28. h4 g6 29. Qh6 Bf6 30. Bc1 Bg7 31. Qf4 f6 32. Ng4 e5 33. Qf3 e4 34. Qf4 f5 35. Ne5 Re7 36. h5 Qe6 37. Qh4 Bf6 38. Bg5 Bxg5 39. Qxg5 Qf6 40. Qxf6 Rxf6 41. hxg6 hxg6 42. f4 exf3 43. Kf2 Be2 44. Rc1 Rxe5 45. dxe5 Rc6 46. Rxe2 fxe2 47. Kxe2 Kf7 48. Ke3 g5 49. Kd4 Ke6 50. Rh1 Rc8 51. Rh6+ Kf7 52. c6 Kg7 53. Rf6 f4 54. gxf4 gxf4 55. Kxd5 Rf8 56. Rxf8 1-0


[Site "https://www.chess.com"]

[Event "Titled Tuesday Blitz March 08 Early 2022"]
[White "Chernov, Alexander A."]
[Black "Liyanage, Ranindu Dilshan"]
[WhiteFideId "4152492"]
[BlackFideId "9915834"]
[WhiteElo "1956"]
[BlackElo "1858"]
[Result "0-1"]
[Round "01"]
[TimeControl "180+1"]
[Date "2022.03.09"]
[WhiteClock "0:00:09"]
[BlackClock "0:00:29"]

1. e4 e6 2. d4 d5 3. Nd2 c5 4. exd5 Qxd5 5. Ngf3 cxd4 6. Bc4 Qd6 7. O-O Nf6 8. Nb3 Nc6 9. Nbxd4 Nxd4 10. Qxd4 Qxd4 11. Nxd4 Bc5 12. Nb5 O-O 13. Bf4 Bd7 14. Nc3 Rac8 15. Bd3 Bd4 16. Nd1 e5 17. Be3 Rfe8 18. c3 Bc5 19. Bxc5 Rxc5 20. Ne3 e4 21. Be2 Be6 22. Rfd1 Nd7 23. c4 Ne5 24. b3 f5 25. g3 Kf7 26. h4 g6 27. b4 Rc7 28. c5 a5 29. a3 Rec8 30. Nd5 Rd7 31. Nb6 Rxd1+ 32. Rxd1 Rc7 33. Rd8 Nc6 34. Rh8 Kg7 35. Re8 Bf7 36. Rc8 Rxc8 37. Nxc8 axb4 38. axb4 Nxb4 39. Nd6 Nd3 40. Nxb7 Bd5 41. Nd6 Nxc5 42. Nb5 Kf6 43. Nd4 Ke5 44. Nb5 h6 45. Nc3 g5 46. hxg5 hxg5 47. Nxd5 Kxd5 48. Kg2 Kd4 49. Bh5 Nb7 50. Bg6 Nd6 51. Bh7 Ke5 52. Kf1 Ke6 53. Bg8+ Kf6 54. Bb3 Ke5 55. Ke2 Nb5 56. f3 Nd4+ 0-1


[Site "https://www.chess.com"]

[Event "Titled Tuesday Blitz March 08 Early 2022"]
[White "Chigaev, Maksim"]
[Black "Dixit, Nikhil"]
[WhiteFideId "4108116"]
[BlackFideId "5059534"]
[WhiteElo "2502"]
[BlackElo "2223"]
[Result "1-0"]
[Round "01"]
[TimeControl "180+1"]
[Date "2022.03.08"]
[WhiteClock "0:00:26"]
[BlackClock "0:00:07"]

1. e4 g6 2. d4 Bg7 3. Nc3 c6 4. h3 d6 5. Nf3 Nf6 6. Be2 O-O 7. O-O Qc7 8. a4 e5 9. Be3 exd4 10. Bxd4 Re8 11. Bd3 Nbd7 12. Re1 Ne5 13. Bf1 Nh5 14. Be3 h6 15. Nd4 Nf6 16. Qd2 Kh7 17. f4 Ned7 18. Bf2 a6 19. g4 c5 20. Nf3 b6 21. Rad1 d5 22. exd5 Rxe1 23. Rxe1 Bb7 24. Bg2 Qd6 25. Ne5 Re8 26. Nxf7 Rxe1+ 27. Bxe1 Qf8 28. Ne5 Nxe5 29. fxe5 Nd7 30. e6 Ne5 31. Qe2 Qf4 32. Bd2 Qd4+ 33. Be3 Qb4 34. e7 Qxb2 35. Nd1 Qa1 36. e8=Q b5 37. axb5 axb5 38. Qe7 Ba8 39. Bxh6 Kxh6 40. Qh4# 1-0


[Site "https://www.chess.com"]

[Event "Titled Tuesday Blitz March 08 Early 2022"]
[White "De Souza, Cristiano Gomes"]
[Black "Skliarov, Viktor"]
[WhiteFideId "2151758"]
[BlackFideId "14106736"]
[WhiteElo "2068"]
[BlackElo "2229"]
[Result "0-1"]
[Round "01"]
[TimeControl "180+1"]
[Date "2022.03.09"]
[WhiteClock "0:01:51"]
[BlackClock "0:01:26"]

1. d4 Nf6 2. c4 e6 3. Nf3 b6 4. g3 Bb7 5. Bg2 Be7 6. O-O O-O 7. Nc3 Ne4 8. Qc2 f5 9. b3 Nxc3 10. Qxc3 Bf6 11. Bb2 c5 12. Qd2 Nc6 13. d5 Na5 14. Bxf6 Qxf6 15. dxe6 dxe6 16. Rad1 Rad8 17. Qf4 Rxd1 18. Rxd1 Rd8 19. Rxd8+ Qxd8 20. Qe5 Kf7 21. h4 h6 22. e3 Qd1+ 23. Kh2 Bxf3 24. Qc7+ Kg6 25. Qxa7 Bxg2 26. Kxg2 Qd6 27. Qa8 Qc6+ 28. Qxc6 Nxc6 0-1


[Site "https://www.chess.com"]

[Event "Titled Tuesday Blitz March 08 Early 2022"]
[White "Decuigniere, Tom"]
[Black "Matinian, Nikita"]
[WhiteFideId "26093820"]
[BlackFideId "24129100"]
[WhiteElo "1997"]
[BlackElo "2422"]
[Result "0-1"]
[Round "01"]
[TimeControl "180+1"]
[Date "2022.03.09"]
[WhiteClock "0:00:03"]
[BlackClock "0:00:14"]

1. d4 Nf6 2. Bg5 Ne4 3. Bf4 d5 4. e3 c5 5. Bd3 Nc6 6. Bxe4 dxe4 7. c3 e5 8. dxe5 Qxd1+ 9. Kxd1 g6 10. Nd2 Bg4+ 11. Kc2 O-O-O 12. h3 Bf5 13. g4 Be6 14. Ne2 h5 15. Nxe4 hxg4 16. hxg4 Rxh1 17. Rxh1 Bxg4 18. N2g3 a5 19. Rh7 Be6 20. Nd6+ Bxd6 21. exd6 Bxa2 22. Ne4 b6 23. b3 c4 24. bxc4 Bxc4 25. Ng5 Rd7 26. Ne4 a4 27. Nf6 Rd8 28. Rh4 b5 29. Kb2 Kb7 30. Rh1 Be6 31. Rh7 Na5 32. e4 Nc4+ 33. Kc2 a3 34. e5 a2 35. Rh1 Ra8 36. Ra1 Kc6 37. Bg3 Bf5+ 38. Kb3 Ra3+ 39. Kb4 Bc2 0-1


[Site "https://www.chess.com"]

[Event "Titled Tuesday Blitz March 08 Early 2022"]
[White "Dejmek, Mark"]
[Black "Vlassov, Nikolai"]
[WhiteFideId "2017628"]
[BlackFideId "4103360"]
[WhiteElo "2255"]
[BlackElo "2407"]
[Result "0-1"]
[Round "01"]
[TimeControl "180+1"]
[Date "2022.03.09"]
[WhiteClock "0:00:05"]
[BlackClock "0:00:19"]

1. Nf3 Nf6 2. g3 g6 3. b4 Bg7 4. Bb2 O-O 5. Bg2 d6 6. O-O e5 7. d3 Nc6 8. b5 Ne7 9. c4 Nh5 10. Nc3 f5 11. Nd2 c6 12. a4 Be6 13. a5 a6 14. bxc6 bxc6 15. Qa4 d5 16. f4 e4 17. Nd1 Bxb2 18. Nxb2 Nf6 19. Nb3 Rb8 20. Nd1 Qd6 21. c5 Qc7 22. d4 Rb7 23. e3 Rfb8 24. Nc1 Rb4 25. Qa2 Qb7 26. Ne2 Qb5 27. Nec3 Qc4 28. h3 Rb3 29. Qd2 Nc8 30. Rf2 Qb4 31. Bf1 Qb7 32. Kh2 Na7 33. Be2 Kf7 34. Rg2 h5 35. g4 hxg4 36. hxg4 fxg4 37. Kg3 Rh8 38. Nf2 Rb2 39. Rb1 Rxb1 40. Nxb1 Qxb1 41. Nxg4 Nxg4 42. Bxg4 Bxg4 43. Kxg4 Nb5 44. f5 gxf5+ 45. Kxf5 Qh1 46. Qf2 Ke8 47. Ke5 Qh5+ 48. Qf5 Qxf5+ 49. Kxf5 Rh6 50. Rg7 Kd8 51. Rb7 Nc7 52. Ra7 Kd7 53. Ke5 Rh3 54. Kf4 Rf3+ 55. Kg4 Rxe3 0-1


[Site "https://www.chess.com"]

[Event "Titled Tuesday Blitz March 08 Early 2022"]
[White "Delorme, Alban"]
[Black "Taboas Rodriguez, Daniel"]
[WhiteFideId "623636"]
[BlackFideId "2208466"]
[WhiteElo "2197"]
[BlackElo "2429"]
[Result "0-1"]
[Round "01"]
[TimeControl "180+1"]
[Date "2022.03.09"]
[WhiteClock "0:00:01"]
[BlackClock "0:01:31"]

1. e4 e6 2. d4 d5 3. Nc3 Nc6 4. exd5 exd5 5. Nf3 Nf6 6. Bb5 Bd7 7. O-O Be7 8. Re1 O-O 9. Bxc6 Bxc6 10. Ne5 Be8 11. Bf4 c6 12. Ne2 Nd7 13. Ng3 Nxe5 14. Bxe5 Bd7 15. Qd2 Re8 16. c3 f6 17. Bf4 Bf8 18. Rxe8 Qxe8 19. Re1 Qg6 20. h4 Re8 21. h5 Rxe1+ 22. Qxe1 Qe8 23. Kf1 Kf7 24. Qxe8+ Bxe8 25. Ke2 Ke6 26. f3 Be7 27. Ke3 f5 28. Be5 Bh4 29. Ne2 Bf6 30. Bxf6 Kxf6 31. Nf4 Bf7 32. g4 Kg5 33. Nh3+ Kh4 34. Nf2 Kg3 35. h6 f4+ 36. Ke2 gxh6 37. Nd3 h5 38. Ne5 Be8 39. gxh5 Bxh5 40. b3 Be8 41. c4 h5 42. Nd3 h4 43. Nf2 h3 44. Kf1 h2 45. c5 Kxf3 46. b4 Bd7 0-1


[Site "https://www.chess.com"]

[Event "Titled Tuesday Blitz March 08 Early 2022"]
[White "Demchenko, Anton"]
[Black "Kirillov, Dmitry"]
[WhiteFideId "4160258"]
[BlackFideId "34180572"]
[WhiteElo "2539"]
[BlackElo "2076"]
[Result "1-0"]
[Round "01"]
[TimeControl "180+1"]
[Date "2022.03.08"]
[WhiteClock "0:00:09"]
[BlackClock "0:00:03"]

1. e4 c5 2. Nf3 e6 3. d4 cxd4 4. Nxd4 Nf6 5. Nc3 Nc6 6. Ndb5 Bc5 7. Nd6+ Ke7 8. Bf4 e5 9. Nf5+ Kf8 10. Bg5 d6 11. Bc4 Be6 12. Bb3 h6 13. Bxf6 Qxf6 14. Nd5 Qd8 15. O-O g6 16. Nfe3 Kg7 17. Kh1 Nd4 18. Bc4 b5 19. Bd3 a6 20. f4 exf4 21. Nxf4 Re8 22. c3 Nc6 23. Nf5+ Kh7 24. Nxe6 Rxe6 25. b4 Bb6 26. a4 gxf5 27. exf5 Rf6 28. axb5 axb5 29. Rxa8 Qxa8 30. Bxb5 Ne5 31. h3 Qe4 32. Ba4 Nc4 33. Bc2 Qe3 34. Rf3 Qe5 35. Bd3 Ne3 36. Qc1 Nxf5 37. Qf1 1-0


[Site "https://www.chess.com"]

[Event "Titled Tuesday Blitz March 08 Early 2022"]
[White "Demin, Vladimir"]
[Black "Van Foreest, Jorden"]
[WhiteFideId "4167457"]
[BlackFideId "1039784"]
[WhiteElo "2509"]
[BlackElo "2609"]
[Result "1-0"]
[Round "01"]
[TimeControl "180+1"]
[Date "2022.03.08"]
[WhiteClock "0:00:36"]
[BlackClock "0:00:18"]

1. d4 e6 2. e4 d5 3. Bd3 dxe4 4. Bxe4 Nf6 5. Bf3 c5 6. Ne2 Nc6 7. Be3 Qb6 8. Nbc3 cxd4 9. Nxd4 Nxd4 10. Qxd4 Qxd4 11. Bxd4 a6 12. O-O-O Be7 13. Na4 Bd8 14. Nc5 Nd5 15. Bxg7 Rg8 16. Bd4 b6 17. Ne4 Be7 18. c4 f5 19. Ng3 Nc7 20. Bxb6 Bd7 21. Bxc7 Rc8 22. Bd6 Rxc4+ 23. Kb1 Bf6 24. Bh5+ Kd8 25. Rhe1 Kc8 26. Be2 Rc6 27. Bf3 Rc4 28. Be5 Bxe5 29. Rxe5 Kc7 30. Ne2 Rb8 31. Nc1 Rb5 32. Rxb5 Bxb5 33. Be2 Rh4 34. Bxb5 axb5 35. h3 Rh6 36. Nd3 Rg6 37. g3 Rg7 38. Ne5 Rg8 39. b3 Kb6 40. b4 Ra8 41. Kb2 h5 42. Rd6+ Kc7 43. Rxe6 h4 44. gxh4 Rh8 45. Ng6 Rd8 46. h5 Rd2+ 47. Kc3 Rxf2 48. h6 Rf3+ 49. Kd4 Rxh3 50. Ne5 Rh4+ 51. Kc5 f4 52. Re7+ Kd8 53. Nc6+ Kc8 54. Kb6 1-0


[Site "https://www.chess.com"]

[Event "Titled Tuesday Blitz March 08 Early 2022"]
[White "Dolzhykova, Kateryna"]
[Black "Bachmann, Axel"]
[WhiteFideId "14113414"]
[BlackFideId "3700488"]
[WhiteElo "2184"]
[BlackElo "2587"]
[Result "0-1"]
[Round "01"]
[TimeControl "180+1"]
[Date "2022.03.09"]
[WhiteClock "0:00:02"]
[BlackClock "0:01:32"]

1. e4 c5 2. Nf3 e6 3. d3 Nc6 4. g3 d5 5. Nbd2 g6 6. Bg2 Bg7 7. O-O Nge7 8. Re1 b6 9. e5 Qc7 10. Qe2 g5 11. h3 h5 12. Nxg5 Qxe5 13. Qxe5 Nxe5 14. Nc4 Nxc4 15. dxc4 Bb7 16. cxd5 Bxd5 17. c3 h4 18. g4 Rd8 19. Bf4 Bxg2 20. Kxg2 Nd5 21. Bh2 Bh6 22. Nf3 Bf4 23. Rad1 Bxh2 24. Nxh2 Nf4+ 25. Kf3 Nxh3 26. Rxd8+ Kxd8 27. Re5 Ke7 28. b4 f6 29. Re1 Rd8 30. Kg2 Nf4+ 31. Kf3 Nh3 32. Kg2 Rd3 33. bxc5 Nf4+ 34. Kg1 bxc5 35. Rb1 Rxc3 36. Nf1 a5 37. Ne3 Rc1+ 38. Rxc1 Ne2+ 39. Kg2 Nxc1 40. Kh3 Nxa2 41. Kxh4 a4 42. f4 Nc3 43. g5 a3 44. Nc2 a2 45. Kh5 Nd5 46. Kh6 Nxf4 47. g6 Nxg6 48. Kxg6 c4 49. Kh5 f5 50. Kg5 Kd6 51. Kf4 Kd5 52. Ke3 Ke5 53. Nb4 a1=Q 0-1


[Site "https://www.chess.com"]

[Event "Titled Tuesday Blitz March 08 Early 2022"]
[White "Durarbayli, Vasif"]
[Black "Golizadeh, Asghar"]
[WhiteFideId "13402935"]
[BlackFideId "12505269"]
[WhiteElo "2528"]
[BlackElo "2403"]
[Result "1-0"]
[Round "01"]
[TimeControl "180+1"]
[Date "2022.03.09"]
[WhiteClock "0:01:14"]
[BlackClock "0:00:34"]

1. d4 Nf6 2. c4 e6 3. Nc3 Bb4 4. f3 d5 5. a3 Be7 6. e4 dxe4 7. fxe4 e5 8. d5 Bc5 9. Bg5 h6 10. Bh4 Bd4 11. Bd3 a5 12. Nf3 Bg4 13. h3 Bxf3 14. Qxf3 Nbd7 15. Bc2 Qe7 16. O-O-O Ra6 17. Nb5 Nc5 18. Nxd4 exd4 19. e5 g5 20. Bf2 Nfd7 21. Bxd4 Nxe5 22. Bxe5 1-0


[Site "https://www.chess.com"]

[Event "Titled Tuesday Blitz March 08 Early 2022"]
[White "Dwilewicz, Katarzyna"]
[Black "Ezat, Mohamed"]
[WhiteFideId "1148486"]
[BlackFideId "10600906"]
[WhiteElo "1907"]
[BlackElo "2386"]
[Result "1/2-1/2"]
[Round "01"]
[TimeControl "180+1"]
[Date "2022.03.09"]
[WhiteClock "0:00:03"]
[BlackClock "0:01:07"]

1. e4 c6 2. d4 d5 3. e5 c5 4. dxc5 Nc6 5. Nf3 Bg4 6. h3 Bxf3 7. Qxf3 e6 8. Bb5 Bxc5 9. Bf4 Ne7 10. O-O O-O 11. c3 a6 12. Bd3 Ng6 13. Re1 Qb6 14. Bxg6 fxg6 15. b4 Bxf2+ 16. Qxf2 Qxf2+ 17. Kxf2 Rxf4+ 18. Kg3 Rf5 19. Nd2 Nxe5 20. Nf3 Nxf3 21. gxf3 Raf8 22. Re3 e5 23. Rae1 h5 24. Kg2 e4 25. fxe4 dxe4 26. Rxe4 Rf2+ 27. Kg1 Rxa2 28. Re7 Rff2 29. Rxb7 Rg2+ 30. Kh1 Rgc2 31. Rc7 g5 32. Rc5 g4 33. hxg4 hxg4 34. Re8+ Kf7 35. Re1 g3 36. Rf5+ Kg6 37. Rf3 Rh2+ 38. Kg1 Rag2+ 39. Kf1 Rf2+ 40. Rxf2 Rxf2+ 41. Kg1 Rf3 42. c4 Kg5 43. Rc1 Rb3 44. c5 Rxb4 45. c6 Rb8 46. c7 Rc8 47. Kg2 Kf4 48. Rc5 g5 49. Rc4+ Ke5 50. Kxg3 Kd5 51. Rc1 Kd6 52. Ra1 Rxc7 53. Rxa6+ Ke5 54. Ra5+ Kf6 55. Kg4 Rc4+ 56. Kg3 Re4 57. Ra6+ Kf5 58. Ra5+ Kg6 59. Ra6+ Kh5 60. Ra3 Rc4 61. Rb3 Rh4 62. Ra3 Rd4 63. Rb3 Rd5 64. Ra3 g4 65. Rb3 Kg5 66. Ra3 Rf5 67. Rb3 Rf4 68. Rb5+ Rf5 69. Rb3 Rd5 70. Ra3 Rd1 71. Rb3 Rg1+ 72. Kf2 Rh1 73. Rb5+ Kh4 74. Kg2 Rc1 75. Rb2 Rc3 76. Re2 Rg3+ 77. Kh2 Rd3 78. Ra2 Rd1 79. Rb2 Ra1 80. Rc2 Rf1 81. Rb2 Kg5 82. Rc2 Kf4 83. Rc4+ Kf3 84. Rc3+ Ke4 85. Rc4+ Kf5 86. Rc2 Re1 87. Kg2 Kf4 88. Rc4+ Re4 89. Rxe4+ Kxe4 90. Kg3 Kf5 91. Kg2 Kg5 92. Kg3 Kf5 93. Kg2 Kf4 94. Kf2 Ke4 95. Kg3 Kf5 1/2-1/2


[Site "https://www.chess.com"]

[Event "Titled Tuesday Blitz March 08 Early 2022"]
[White "Einarsson, Halldor Gretar"]
[Black "Kim, Sergey"]
[WhiteFideId "2300150"]
[BlackFideId "13700570"]
[WhiteElo "2114"]
[BlackElo "2558"]
[Result "0-1"]
[Round "01"]
[TimeControl "180+1"]
[Date "2022.03.09"]
[WhiteClock "0:00:01"]
[BlackClock "0:01:59"]

1. d4 Nf6 2. c4 g6 3. f3 d6 4. e4 Bg7 5. Nc3 O-O 6. Be3 Nc6 7. Qd2 a6 8. Nge2 Rb8 9. Rc1 e5 10. d5 Ne7 11. g3 c5 12. dxc6 bxc6 13. Bg2 d5 14. cxd5 cxd5 15. exd5 Nexd5 16. Rd1 Be6 17. Bc5 Re8 18. O-O Qc7 19. Bf2 Red8 20. Qc1 Nxc3 21. Nxc3 Nd5 22. Nxd5 Qxc1 23. Ne7+ Kf8 24. Rxc1 Kxe7 25. Bc5+ Ke8 26. f4 Rdc8 27. b4 exf4 0-1


[Site "https://www.chess.com"]

[Event "Titled Tuesday Blitz March 08 Early 2022"]
[White "Estevez Polanco, Leonardo Rafael"]
[Black "Coto Mederos, Michel"]
[WhiteFideId "6402798"]
[BlackFideId "3508528"]
[WhiteElo "2088"]
[BlackElo "2427"]
[Result "0-1"]
[Round "01"]
[TimeControl "180+1"]
[Date "2022.03.09"]
[WhiteClock "0:00:36"]
[BlackClock "0:00:07"]

1. e4 e5 2. Nf3 Nc6 3. Bc4 Bc5 4. c3 Nf6 5. Qe2 d6 6. h3 a6 7. d3 h6 8. b4 Bb6 9. Nbd2 O-O 10. Nf1 d5 11. exd5 Nxd5 12. Bd2 Nf4 13. Bxf4 exf4 14. O-O-O Re8 15. Qd2 Qd6 16. Re1 Be6 17. Bxe6 Rxe6 18. N1h2 a5 19. b5 Ne5 20. Nxe5 Rxe5 21. Rxe5 Qxe5 22. a4 Re8 23. Nf3 Qc5 24. d4 Qa3+ 25. Qb2 Qxa4 26. Re1 Rxe1+ 27. Nxe1 Qc4 28. Qd2 a4 29. Nd3 Ba5 30. Ne5 Qxc3+ 31. Qxc3 Bxc3 32. Nf3 Bb4 33. Kc2 Bd6 34. Nd2 f5 35. f3 Kf7 36. Nc4 Ke6 37. Na5 b6 38. Nc4 Kd5 39. Kd3 a3 40. Nd2 a2 41. Nb3 Ba3 42. Kc3 g6 43. Na1 Be7 44. Nc2 Bf8 45. Kb3 Bg7 46. Kxa2 Bxd4 47. Kb3 Kc5 48. Na3 Be3 49. Kc3 Bc1 50. Nc4 Kxb5 51. Ne5 g5 52. Nf7 c5 53. Nxh6 Kc6 54. Nxf5 b5 55. Ne7+ Kd6 56. Nf5+ Ke5 57. Ne7 c4 58. Nc6+ Kd6 59. Nd4 Kc5 60. Ne6+ Kd5 61. Nxg5 Ba3 62. Ne4 b4+ 63. Kc2 Kd4 64. Nd2 b3+ 65. Nxb3+ cxb3+ 66. Kxb3 Bd6 67. Kc2 Ke3 68. h4 Kf2 69. h5 Kxg2 70. Kd3 Kxf3 71. Kd4 Bf8 72. Kd5 Kg4 73. Ke6 Kxh5 74. Kf7 f3 0-1


[Site "https://www.chess.com"]

[Event "Titled Tuesday Blitz March 08 Early 2022"]
[White "Estrada Nieto, Julian"]
[Black "Zierk, Steven"]
[WhiteFideId "5101018"]
[BlackFideId "2034255"]
[WhiteElo "2246"]
[BlackElo "2494"]
[Result "0-1"]
[Round "01"]
[TimeControl "180+1"]
[Date "2022.03.08"]
[WhiteClock "0:00:01"]
[BlackClock "0:00:28"]

1. e4 e6 2. d4 d5 3. Nd2 c5 4. exd5 Qxd5 5. Ngf3 cxd4 6. Bc4 Qd7 7. O-O Nc6 8. Nb3 Nf6 9. Nbxd4 Nxd4 10. Nxd4 a6 11. Bb3 Bc5 12. Be3 Qc7 13. c3 e5 14. Nc2 O-O 15. Bxc5 Qxc5 16. Qe2 a5 17. a3 Qb6 18. Bc4 Bf5 19. Ne3 Bg6 20. Nd5 Nxd5 21. Bxd5 Rad8 22. c4 Rfe8 23. Rad1 Kh8 24. h4 f6 25. h5 Bf5 26. Rd2 Be6 27. Rfd1 Bxd5 28. Rxd5 Rc8 29. Rd7 Qe6 30. b3 Re7 31. R7d6 Qf5 32. h6 gxh6 33. Qd2 Qg6 34. Rd8+ Rxd8 35. Qxd8+ Re8 36. Qc7 Rg8 37. Qxb7 e4 38. g3 e3 39. Qf3 exf2+ 40. Kxf2 Qc2+ 41. Kg1 Rxg3+ 42. Qxg3 Qxd1+ 43. Kh2 Qh5+ 44. Kg2 Qe2+ 45. Kh3 Qe6+ 46. Kg2 Qe4+ 47. Kf2 Qc2+ 48. Kg1 Qc1+ 49. Kh2 Qxa3 50. Qb8+ Kg7 51. Qc7+ Kg6 52. Qg3+ Kf7 53. Qc7+ Ke6 54. Qc6+ Qd6+ 55. Qxd6+ Kxd6 56. Kg3 Kc5 57. Kg4 a4 58. bxa4 Kxc4 59. Kf5 h5 60. Kf4 Kb4 61. Kg3 f5 62. Kh4 f4 63. Kxh5 f3 0-1


[Site "https://www.chess.com"]

[Event "Titled Tuesday Blitz March 08 Early 2022"]
[White "Fajdetic, Hrvoje"]
[Black "Domingo Nunez, Alejandro"]
[WhiteFideId "14501945"]
[BlackFideId "22245561"]
[WhiteElo "2172"]
[BlackElo "2215"]
[Result "0-1"]
[Round "01"]
[TimeControl "180+1"]
[Date "2022.03.09"]
[WhiteClock "0:00:01"]
[BlackClock "0:00:06"]

1. d4 b6 2. e4 Bb7 3. Nc3 e6 4. Qd3 Bb4 5. Bd2 Nf6 6. f3 c5 7. Nge2 O-O 8. O-O-O Nc6 9. a3 Ba5 10. dxc5 bxc5 11. Nb5 Ba6 12. Bxa5 Qxa5 13. Nec3 d5 14. exd5 exd5 15. Qd2 Rfd8 16. Nb1 Qb6 17. N5c3 c4 18. Na2 Rab8 19. Nb4 Bb5 20. Nxc6 Bxc6 21. Qc3 d4 22. Qb4 Qxb4 23. axb4 Rxb4 24. c3 Rb7 25. Rxd4 Rdb8 26. Rd2 Bd5 27. Na3 Rc7 28. Be2 Be6 29. Rhd1 h5 30. Rd8+ Rxd8 31. Rxd8+ Kh7 32. h3 h4 33. Rd4 g5 34. Bxc4 Re7 35. Bxe6 Rxe6 36. Nc2 Nh5 37. Rd2 Nf4 38. Nd4 Re1+ 39. Kc2 Rg1 40. Nf5 Nxg2 41. Rd7 Kg6 42. Ne7+ Kf6 43. Nd5+ Ke6 44. Rd8 Ne1+ 45. Kb3 Nxf3 46. Nc7+ Kf6 47. Rd6+ Kg7 48. Ra6 g4 49. Rxa7 gxh3 50. Ne6+ Kf6 51. Nf4 h2 52. Ra6+ Kg7 53. Ra5 h1=Q 54. Rh5 Rb1 55. Nd5 Qd1+ 56. Ka2 Ra1# 0-1


[Site "https://www.chess.com"]